 Dungeon Crawl Stone Soup version 0.29-a0-483-g69413ace17 (webtiles) character file.

Game seed: 12331614200520354035

26597 jfcaron the Grappler (level 13, -11/72 HPs)
             Began as a Vine Stalker Chaos Knight on May 26, 2022.
             Was a Plaything of Xom.
             Mangled by a black mamba (15 damage)
             ... on level 6 of the Lair of Beasts.
             The game lasted 00:31:56 (11800 turns).

jfcaron the Grappler (Vine Stalker Chaos Knight)   Turns: 11800, Time: 00:31:57

Health: -11/72     AC: 18    Str: 27    XL:     13   Next: 27%
Magic:  0/14       EV: 11    Int: 16    God:    Xom [...*..]
Gold:   197        SH:  4    Dex: 15    Spells: 12/12 levels left

rFire   + + .      SeeInvis .     - Unarmed
rCold   + . .      Faith    .   (no shield)
rNeg    . . .      Spirit   +   y - +0 plate armour
rPois   .          Reflect  .   M - +2 hat {Stlth+}
rElec   .          Harm     .   o - +0 cloak
rCorr   .          Rampage  .   (no gloves)
Will    ++...                   v - +0 pair of boots
Stlth   ..........              A - amulet of the acrobat
HPRegen 1.02/turn               G - +6 ring of strength
MPRegen 0.14/turn               N - ring "Vaniept" {rF+ rC+ Str+2 Int+2}

@: lethally poisoned (-11 -> -12)
A: fangs 3, regeneration 1, magic shield, antimagic bite, no potion heal 2,
hooves 1, large bone plates 1, clever 1, fire resistance 1, strong-willed 1,
wild magic 1
a: Renounce Religion


You were on level 6 of the Lair of Beasts.
You worshipped Xom.
You were a favourite toy of Xom.
You visited 2 branches of the dungeon, and saw 14 of its levels.

You collected 653 gold pieces.
You spent 456 gold pieces at shops.

Inventory:

Hand Weapons
 d - a +2 mace of holy wrath
 m - a +3 scimitar of flaming
 u - a +2 hand crossbow of freezing
 R - a +2 long sword of flaming
Missiles
 c - 432 stones (quivered)
 h - 5 curare-tipped darts {!f}
 i - 6 atropa-tipped darts
 j - 14 boomerangs
Armour
 o - a +0 cloak (worn)
 v - a +0 pair of boots (worn)
 y - a +0 plate armour (worn)
 M - a +2 hat of stealth (worn)
Magical Staves
 F - a staff of fire
 S - a staff of air
Jewellery
 A - an amulet of the acrobat (around neck)
 B - a ring of see invisible
 E - a ring of protection from cold
 G - a +6 ring of strength (left hand)
 K - a ring of fire
 N - the ring "Vaniept" (right hand) {rF+ rC+ Str+2 Int+2}
   (You found it on level 9 of the Dungeon)

   [ring of protection from fire]

   Str:       It affects your strength (+2).
   Int:       It affects your intelligence (+2).
   rF:        It protects you from fire.
   rC:        It protects you from cold.
Scrolls
 a - a scroll of vulnerability
 f - 4 scrolls of fear
 g - 6 scrolls of teleportation
 k - 4 scrolls of blinking
 l - 3 scrolls of magic mapping
 q - 2 scrolls of noise
 s - 2 scrolls of brand weapon
 w - a scroll of silence
 D - 2 scrolls of enchant armour
 L - a scroll of summoning
Potions
 e - 7 potions of curing
 p - a potion of lignification
 r - 4 potions of mutation
 t - 2 potions of cancellation
 x - 2 potions of berserk rage
 z - 3 potions of haste
 H - a potion of brilliance
 P - a potion of flight
 Q - 2 potions of resistance
Miscellaneous
 b - a piece from Xom's chessboard (15/15)


   Skills:
 + Level 9.8 Fighting
 + Level 8.8 Armour
 + Level 8.6 Dodging
 - Level 3.0 Stealth
 + Level 10.7 Unarmed Combat
 + Level 8.1 Evocations


You had 12 spell levels left.
You didn't know any spells.
Your spell library contained the following spells:

 Spells                   Type           Power      Damage    Failure   Level
 Shock                    Conj/Air       0%         1d3       96%         1
 Slow                     Hex            0%         N/A       96%         1
 Poisonous Vapours        Pois/Air       0%         N/A       99%         2
 Confusing Touch          Hex            0%         N/A       100%        3
 Dazzling Flash           Conj/Hex       0%         N/A       100%        3
 Gell's Gravitas          Tloc           0%         N/A       100%        3
 Swiftness                Air            0%         N/A       100%        3
 Teleport Other           Tloc           0%         N/A       100%        3
 Vampiric Draining        Necr           0%         2d6       100%        3
 Airstrike                Air            0%         N/A       100%        4
 Corpse Rot               Necr/Pois/Air  0%         N/A       100%        4
 Iskenderun's Mystic Bla  Conj/Tloc      0%         2d3       100%        4
 Dispersal                Tloc           0%         N/A       100%        6
 Starburst                Conj/Fire      0%         6d3       100%        6


Dungeon Overview and Level Annotations

Branches:
Dungeon (9/15)             Temple (0/1) D:5            Lair (4/6) D:9
 Shoals (0/4) Lair:2       Spider (0/4) Lair:2          Orc (0/2) D:9

Altars:
Xom
Beogh

Shops:
D:8 !?

Annotations:
D:6 3 runed translucent doors, OTABOTABOTAB's ghost, novice DrTm


Innate Abilities, Weirdness & Mutations

You have razor-sharp teeth.
Your natural rate of healing is unusually fast.
When hurt, damage is shared between your health and your magic reserves.
Your bite disrupts and absorbs the magic of your enemies.
Potions cannot restore your health.
You have large cloven feet.
You are partially covered in large bone plates. (SH +4)
Your mind is acute. (Int +2)
Your flesh is heat resistant. (rF+)
You are strong-willed. (Will+)
Your spells are a little harder to cast, but a little more powerful.


Message History

The black mamba bites you but does no damage.
You are too injured to fight recklessly!
You are too injured to fight recklessly!
You are too injured to fight recklessly!
You closely miss the black mamba. Your bite misses the black mamba.
The black mamba closely misses you.
You hit the black mamba.
The black mamba is lightly wounded.
The black mamba bites you!!
* * * LOW HITPOINT WARNING * * *
You are poisoned.
The black mamba poisons you! The black mamba completely misses you.
You hit the black mamba.
The black mamba is moderately wounded.
You feel very sick. You block the black mamba's attack.
You punch the black mamba! Your bite misses the black mamba.
The black mamba is severely wounded.
You feel very sick. You block the black mamba's attack.
The black mamba bites you but does no damage.
You closely miss the black mamba. Your punch misses the black mamba.
The black mamba is severely wounded.
You feel sick. The black mamba closely misses you.
You closely miss the black mamba. You bite the black mamba.
You drain its power.
You feel invigorated.
The black mamba is severely wounded.
You feel sick. You block the black mamba's attack.
You miss the black mamba. Your bite misses the black mamba.
The black mamba is severely wounded.
You feel sick.
The black mamba bites you but does no damage.
The black mamba bites you!
* * * LOW HITPOINT WARNING * * *
Unknown command.
You miss the black mamba. Your bite misses the black mamba.
The black mamba is severely wounded.
You feel sick. The black mamba bites you!
You die...
Xom bursts into laughter!

..........#..P#
.........†....#
S
##...#.......###
##.##.##.P....#
## ## ##....##
##..## P ##....#
PP ##....##
#.@...#
##.S.P..#
##...(....
##...(...
##.(..(. P
...... P ###.##
.(


P PP You could see a black mamba (strong).

Vanquished Creatures
  Gastronok (D:9)
  Snorg (Lair:3)
  3 hydras
  Erica (D:7)
  A lindwurm (Lair:2)
  Psyche (D:9)
  7 komodo dragons
  10 cane toads
  A troll (D:9)
  8 hornets
  17 blink frogs
  3 culicivoras (Lair:2)
  4 jumping spiders (Lair:2)
  3 wyverns
  2 basilisks (Lair:2)
  32 yaks
  2 steam dragons
  An acid dragon (D:9)
  15 water moccasins
  Duvessa (D:7)
  An ice beast (D:5)
  A black bear (Lair:1)
  9 wolves (Lair:2)
  An ogre (D:6)
  4 centaurs
  3 kobold brigands
  9 bullfrogs
  5 scorpions
  A necrophage (D:4)
  4 wights (D:8)
  Dowan (D:7)
  8 howler monkeys
  2 hounds
  3 orc priests
  2 jellies (D:5)
  A gnoll shaman (D:7)
  An iguana (D:6)
  5 orc wizards
  12 gnolls
  7 adders
  A white imp (D:7)
  3 worms
  3 dart slugs
  22 orcs
  6 endoplasms
  3 giant cockroaches
  6 goblins
  7 hobgoblins
  6 jackals (D:5)
  2 quokkas
  9 ball pythons
  6 bats
  4 frilled lizards
  26 kobolds
  4 rats
  A bush (Lair:3)
  20 fungi
  83 plants
406 creatures vanquished.

Notes
Turn   | Place    | Note
-------+----------+-------------------------------------------
     0 | D:1      | jfcaron the Vine Stalker Chaos Knight began the quest for
                  | the Orb.
     0 | D:1      | Reached XP level 1. HP: 11/11 MP: 2/2
    49 | D:1      | Found a faded altar of an unknown god.
   243 | D:1      | XOM: silly message
   436 | D:1      | Reached skill level 1 in Dodging
   436 | D:1      | Reached XP level 2. HP: 14/16 MP: 3/3
   450 | D:1      | XOM: noise
   489 | D:1      | Reached skill level 1 in Stealth
   594 | D:1      | Reached XP level 3. HP: 11/19 MP: 4/4
   750 | D:1      | XOM: give mutations
   750 | D:1      | Gained mutation: Your flesh is heat resistant. (rF+) [Xom's
                  | grace]
   750 | D:1      | Gained mutation: Your spells are a little harder to cast,
                  | but a little more powerful. [Xom's grace]
   750 | D:1      | Gained mutation: You have large cloven feet. [Xom's grace]
   750 | D:1      | Gained mutation: You are partially covered in large bone
                  | plates. (SH +4) [Xom's grace]
  1013 | D:1      | XOM: divination: detect items
  1249 | D:2      | You fall into a shaft and drop 2 floors!
  1448 | D:2      | Gained mutation: Your natural rate of healing is unusually
                  | fast. [Vine Stalker growth]
  1448 | D:2      | Reached XP level 4. HP: 24/24 MP: 5/5
  1450 | D:2      | XOM: confuse monster(s)
  1724 | D:2      | XOM: polymorph endoplasm -> adder
  1982 | D:2      | XOM: noise
  2481 | D:3      | XOM: noise
  2657 | D:4      | Noticed a necrophage
  2682 | D:4      | Killed a necrophage
  2683 | D:4      | Reached XP level 5. HP: 27/28 MP: 6/6
  2827 | D:4      | XOM: confuse monster(s)
  2914 | D:4      | Found Zamnak's Jewellery Boutique.
  3016 | D:4      | Reached XP level 6. HP: 30/32 MP: 5/7
  3226 | D:4      | XOM: cast spell 'Summon Mana Viper'
  3230 | D:4      | Reached skill level 4 in Unarmed Combat
  3398 | D:5      | Entered Level 5 of the Dungeon
  3500 | D:5      | Reached XP level 7. HP: 37/37 MP: 6/8
  3718 | D:5      | Found a staircase to the Ecumenical Temple.
  3761 | D:5      | XOM is BORED!
  3761 | D:5      | XOM: noise
  4241 | D:6      | XOM: enchant monster (bad)
  4314 | D:6      | XOM: 2-stop teleportation journey
  4316 | D:6      | XOM: cast spell 'Alistair's Intoxication'
  4319 | D:6      | Reached skill level 5 in Unarmed Combat
  4341 | D:6      | Gained mutation: You have razor-sharp teeth. [Vine Stalker
                  | growth]
  4341 | D:6      | Reached XP level 8. HP: 37/42 MP: 9/9
  4409 | D:6      | XOM: noise
  4502 | D:6      | Reached skill level 5 in Fighting
  4612 | D:6      | XOM: noise
  4692 | D:6      | XOM: enchant monster (good)
  4767 | D:6      | Found a runed translucent gate.
  4767 | D:6      | Found a runed translucent gate.
  4767 | D:6      | Found a runed translucent gate.
  4775 | D:6      | Noticed OTABOTABOTAB's ghost (novice DrTm)
  4828 | D:6      | XOM: give mutations
  4828 | D:6      | Gained mutation: Your mind is acute. (Int +2) [Xom's grace]
  4828 | D:6      | Gained mutation: You are strong-willed. (Will+) [Xom's
                  | grace]
  5090 | D:7      | XOM: cleaving
  5092 | D:7      | XOM: swap monsters
  5125 | D:7      | Reached skill level 6 in Unarmed Combat
  5125 | D:7      | Reached skill level 1 in Evocations
  5268 | D:7      | Reached XP level 9. HP: 43/47 MP: 10/10
  5283 | D:7      | Noticed Duvessa
  5283 | D:7      | XOM: scenery: create altars
  5284 | D:7      | Noticed Dowan
  5296 | D:7      | Killed Duvessa
  5300 | D:7      | Killed Dowan
  5381 | D:7      | XOM: god gift: staff of fire
  5393 | D:7      | XOM: stat loss: -1 Str (23/24)
  5548 | D:8      | Noticed Erica
  5565 | D:7      | XOM: summons 5 friendly demons
  5567 | D:7      | Killed Erica
  5568 | D:7      | Reached skill level 5 in Armour
  5582 | D:7      | Reached skill level 5 in Dodging
  5684 | D:8      | HP: 8/48 [poisoned by a water moccasin]
  5689 | D:8      | HP: 6/48 [poisoned by a water moccasin]
  5771 | D:8      | Found Suocluets's Magic Scroll Boutique.
  5813 | D:8      | Bought a scroll of summoning for 104 gold pieces
  5813 | D:8      | Bought a scroll of blinking for 82 gold pieces
  5813 | D:8      | Bought a scroll of amnesia for 38 gold pieces
  5813 | D:8      | Bought a scroll of teleportation for 33 gold pieces
  5813 | D:8      | Bought a scroll of identify for 22 gold pieces
  5813 | D:8      | Bought a scroll of magic mapping for 38 gold pieces
  5813 | D:8      | Bought a scroll of identify for 22 gold pieces
  5907 | D:8      | Found Kieng's Distillery.
  5913 | D:8      | Bought a potion of lignification for 39 gold pieces
  5973 | D:8      | XOM: silly message
  5974 | D:8      | XOM: swap monsters
  5977 | D:8      | XOM: fake destruction
  5993 | D:8      | Reached skill level 7 in Unarmed Combat
  6226 | D:9      | Noticed Gastronok
  6230 | D:9      | XOM: fake destruction
  6240 | D:9      | Killed Gastronok
  6241 | D:9      | Reached XP level 10. HP: 48/53 MP: 11/11
  6295 | D:9      | Found a staircase to the Orcish Mines.
  6357 | D:9      | Identified the ring "Vaniept" {rF+ rC+ Str+2 Int+2}
  6464 | D:9      | Noticed Psyche
  6465 | D:9      | XOM: potion effect (haste)
  6478 | D:9      | Killed Psyche
  6538 | D:9      | XOM: scenery: create altars
  6548 | D:9      | XOM: 5-stop teleportation journey
  6630 | D:9      | XOM: 1-stop teleportation journey
  6724 | D:9      | Found a staircase to the Lair.
  6734 | D:9      | Paralysed by a hornet for 1 turns
  6738 | D:9      | HP: 11/55 [poisoned by a hornet]
  6743 | D:9      | HP: 9/55 [poisoned by a hornet]
  6873 | D:9      | XOM is BORED!
  6873 | D:9      | XOM: polymorph orc -> gnoll
  7113 | D:9      | XOM: potion effect (brilliance)
  7115 | D:9      | Paralysed by a hornet for 3 turns
  7171 | D:9      | Reached skill level 8 in Unarmed Combat
  7450 | Lair:1   | Entered Level 1 of the Lair of Beasts
  7456 | Lair:1   | XOM: repel stairs
  7878 | Lair:1   | XOM: scenery: summon butterflies
  7895 | Lair:1   | Reached skill level 5 in Evocations
  7895 | Lair:1   | Reached XP level 11. HP: 58/58 MP: 12/12
  7914 | Lair:1   | XOM: summons 3 friendly demons
  7942 | Lair:1   | XOM: smoke on damage
  7947 | Lair:1   | XOM: summons friendly sun demon
  8197 | Lair:1   | HP: 10/59 [poisoned by a cane toad]
  8665 | Lair:2   | XOM: enchant monster (good)
  8768 | Lair:2   | Found a staircase to the Shoals.
  8881 | Lair:1   | XOM: summons 5 friendly demons
  9006 | D:8      | Bought a potion of flight for 39 gold pieces
  9006 | D:8      | Bought a potion of curing for 39 gold pieces
  9045 | D:9      | XOM: summons 4 hostile shadow creatures
  9174 | Lair:2   | Reached skill level 9 in Unarmed Combat
  9180 | Lair:2   | XOM: silly message
  9314 | Lair:2   | Found a hole to the Spider Nest.
  9421 | Lair:2   | XOM: divination: detect items
  9509 | Lair:2   | XOM: divination: detect items
  9510 | Lair:2   | Noticed a six-headed hydra
  9512 | Lair:2   | Noticed a lindwurm
  9515 | Lair:2   | XOM: noise
  9525 | Lair:2   | XOM: cast spell 'Olgreb's Toxic Radiance'
  9526 | Lair:2   | HP: 10/60 [six-headed hydra (7)]
  9527 | Lair:2   | Killed a six-headed hydra
  9532 | Lair:2   | HP: 10/60 [yak (5)]
  9534 | Lair:2   | XOM: divination: detect items
  9536 | Lair:2   | Killed a lindwurm
  9537 | Lair:2   | Reached XP level 12. HP: 9/65 MP: 2/13
  9692 | Lair:2   | XOM: cast spell 'Summon Ice Beast'
  9698 | Lair:2   | XOM: noise
  9709 | Lair:2   | XOM: confuse monster(s)
  9796 | Lair:2   | XOM: smoke on damage
  9916 | Lair:2   | XOM: cloud trail
 10071 | Lair:2   | XOM: cloud trail
 10203 | Lair:3   | HP: 13/65 [poisoned by a cane toad]
 10208 | Lair:3   | HP: 9/65 [poisoned by a cane toad]
 10213 | Lair:3   | HP: 9/65 [poisoned by a cane toad]
 10223 | Lair:2   | HP: 9/65 [culicivora (7)]
 10353 | Lair:3   | Noticed Snorg
 10369 | Lair:3   | Killed Snorg
 10503 | Lair:3   | XOM: divination: detect creatures
 10585 | Lair:3   | XOM: fog
 10586 | Lair:3   | XOM: enchant monster (good)
 10603 | Lair:3   | XOM: summons 12 friendly demons
 10622 | Lair:3   | XOM: 7-stop teleportation journey
 10638 | Lair:3   | XOM: cast spell 'Leda's Liquefaction'
 10638 | Lair:3   | XOM: smoke on damage
 10722 | Lair:3   | XOM: scenery: summon butterflies
 10841 | Lair:3   | XOM: divination: magic mapping
 11068 | Lair:3   | XOM is BORED!
 11068 | Lair:3   | XOM: summons 1 hostile demon
 11106 | Lair:3   | XOM: smoke on damage
 11110 | Lair:3   | XOM: potion effect (magic)
 11118 | Lair:3   | Reached skill level 10 in Unarmed Combat
 11170 | Lair:3   | XOM: confuse monster(s)
 11372 | Lair:4   | You fall into a shaft and drop 2 floors!
 11372 | Lair:6   | Entered Level 6 of the Lair of Beasts
 11372 | Lair:6   | Noticed a four-headed hydra
 11373 | Lair:6   | XOM: divination: magic mapping
 11383 | Lair:6   | Killed a one-headed hydra
 11391 | Lair:6   | XOM: silly message
 11392 | Lair:6   | XOM: noise
 11419 | Lair:6   | Reached XP level 13. HP: 28/70 MP: 9/14
 11602 | Lair:6   | XOM: noise
 11631 | Lair:6   | XOM: 1-stop teleportation journey
 11633 | Lair:6   | XOM: divination: detect creatures
 11634 | Lair:6   | XOM: potion effect (might)
 11672 | Lair:6   | XOM: smoke on damage
 11737 | Lair:6   | XOM: noise
 11788 | Lair:6   | XOM: enchant monster (bad)
 11797 | Lair:6   | HP: 14/72 [poisoned by a black mamba]
 11799 | Lair:6   | HP: 4/72 [black mamba (9)]
 11800 | Lair:6   | Mangled by a black mamba

Illustrated notes

Levels and vault maps discovered:
D:1:      mushboom_english_gardens, layout_basic,
          shapermc_ecumenical_altar_totnotflames
D:2:      layout_loops_ring, kennysheep_nondescript, columned_hall_lemuel,
          chequers_mini_garden
D:3:      layout_basic, eino_curves_01, kennysheep_generic_room_13
D:4:      layout_loops_cross, serial_shops, shop
D:5:      layout_gridville, minmay_temple_entry_slanted
D:6:      layout_rooms, ebering_ghost_rock_garden
D:7:      layout_loops_ring, kennysheep_pointless_box, uniq_duvessa
D:8:      layout_rooms, serial_shops, shop, nicolae_square_shop, uniq_erica
D:9:      layout_layer_cave, david_lair_shrubbed, minmay_orc_entry_temple_small,
          minmay_holes, uniq_gastronok, uniq_psyche
Lair:1:   layout_cave_pods, serial_bayou_shore_a, lemuel_fruit_tree
Lair:2:   layout_loops_ring, shoals_dummy_entry,
          nicolae_spider_entry_tight_spaces, serial_bayou_pond_c,
          infiniplex_staircase_pool_2
Lair:3:   layout_gridlike, dreamdust_wasp_nest, grunt_megastairs_1, uniq_snorg
Lair:4:   beast_lair_carwin_large_3, layout_long_grid
Lair:6:   evil_forest, layout_gridlike, st_stairs_13,
          chequers_serial_rivers_small_a, chequers_serial_rivers_micro_a,
          grunt_megastairs_3

Skill      XL: |  1  2  3  4  5  6  7  8  9 10 11 12 13 |
---------------+----------------------------------------+-----
Dodging        | 1 2 3 4 5 6 7 8 |  8.6
Stealth        | 1 2 3 |  3.0
Fighting       | 3 4 5 6 7 8 9 |  9.8
Armour         | 2 3 4 5 6 7 8 |  8.8
Unarmed Combat | 4 5 6 7 8 9 10 | 10.7
Evocations     | 1 4 5 6 7 8 |  8.1

Action                   |  1- 3 |  4- 6 |  7- 9 | 10-12 | 13-15 || total
-------------------------+-------+-------+-------+-------+-------++-------
Melee: Unarmed           |    98 |   147 |   287 |   515 |    77 ||  1124
       Bite              |    26 |    42 |    88 |   185 |    33 ||   374
       Punch             |     3 |     5 |     9 |    33 |     5 ||    55
       Kick              |    11 |    42 |    10 |       |       ||    63
       Scimitar          |       |       |       |     5 |     3 ||     8
Throw: Dart              |       |       |     9 |    88 |    25 ||   122
       Boomerang         |       |       |     2 |     6 |       ||     8
       Stone             |       |       |       |       |    25 ||    25
Evoke: Piece from Xom's  |     4 |     9 |    15 |     3 |       ||    31
       Wand              |       |       |     4 |     4 |       ||     8
  Use: Scroll            |       |     8 |     6 |    11 |       ||    25
       Potion            |       |       |       |     2 |     1 ||     3
 Stab: Sleeping          |     4 |     3 |     4 |     1 |       ||    12
       Petrified         |     6 |    11 |     2 |    12 |       ||    31
       Paralysed         |       |     5 |     3 |       |       ||     8
       Distracted        |       |       |       |     1 |       ||     1
       Confused          |       |       |       |     4 |       ||     4
Armor: Leather armour    |    26 |    12 |       |       |       ||    38
       Ring mail         |       |    16 |    12 |       |       ||    28
       Plate armour      |       |       |    96 |   242 |    16 ||   354
       Skin              |       |       |       |    13 |       ||    13
Dodge: Dodged            |    37 |    60 |    99 |   270 |    28 ||   494
Block: Other             |     5 |    15 |    44 |    70 |    14 ||   148

Table legend: (Time is in decaauts)
 A = Elapsed time spent in this place.
 B = Non-inter-level travel time spent in this place.
 C = Inter-level travel time spent in this place.
 D = Time resting spent in this place.
 E = Time spent auto-exploring this place.
 F = Levels seen in this place.
 G = Mean time per level.
                   A        B        C        D        E       F      G
               +--------+--------+--------+--------+--------+-----+--------+
         Total |  11685 |  10923 |    762 |    926 |   7546 |  14 |  834.6 |
       Dungeon |   7504 |   6980 |    524 |    541 |   4928 |   9 |  833.8 |
          Lair |   4181 |   3944 |    237 |    385 |   2617 |   5 |  836.2 |
               +--------+--------+--------+--------+--------+-----+--------+

Top non-repeatable levels by time:
  Lair:2: 1359 daAuts
     D:9: 1323 daAuts
  Lair:1: 1292 daAuts
     D:1: 1251 daAuts
  Lair:3: 1118 daAuts
     D:5: 827 daAuts
     D:4: 826 daAuts
     D:7: 791 daAuts
     D:3: 666 daAuts
     D:2: 639 daAuts
     D:6: 600 daAuts
     D:8: 579 daAuts
  Lair:6: 411 daAuts
